 Dungeon Crawl Stone Soup version 0.28.0 (webtiles) character file.

Game seed: 6352321339447725605

63514 Zonian the Nimble (level 15, -12/96 HPs)
             Began as a Djinni Ice Elementalist on Feb 4, 2022.
             Was a High Priest of Nemelex Xobeh.
             Mangled by a death yak simulacrum (19 damage)
             ... on level 6 of the Lair of Beasts on Feb 5, 2022.
             The game lasted 02:18:44 (34146 turns).

Zonian the Nimble (Djinni Ice Elementalist)        Turns: 34146, Time: 02:18:45

Health: -12/96     AC:  9    Str: 16    XL:     15   Next: 50%
Gold:   58         EV: 19    Int: 21    God:    Nemelex Xobeh [*****.] SH:  0 Dex: 15

rFire   . . .      SeeInvis .   n - +4 scimitar (flame)
rCold   + . .      Faith    .   (no shield)
rNeg    . . .      Spirit   .   T - +2 troll leather armour
rPois   ∞          Reflect  .   (no helmet)
rElec   +          Harm     .   y - +1 cloak
rCorr   .          Rampage  .   z - +0 pair of gloves of the Raven {rElec Str+3 Int-2}
Will    +....                   (boots unavailable)
Stlth   +++++.....              (no amulet)
HPRegen 1.06/turn               G - ring "Omub" {Ice Str+6}
MPRegen 0.00/turn               f - ring of ice

@: flying
A: sickness immunity, fire resistance 2, cold vulnerability 1, float, innate
caster, HP casting, extra vitality 1
a: Renounce Religion, Draw Escape, Draw Destruction, Draw Summoning, Triple
Draw, Deal Four, Stack Five


You were on level 6 of the Lair of Beasts.
You worshipped Nemelex Xobeh.
Nemelex Xobeh was extremely pleased with you.
You visited 2 branches of the dungeon, and saw 16 of its levels.
You also visited: Sewer.

You collected 886 gold pieces.
You spent 828 gold pieces at shops.

Inventory:

Hand Weapons
 k - a +1 short sword of draining
 n - a +4 scimitar of flaming (weapon)
 q - a +1 short sword of venom
 I - a +2 shortbow of freezing
 N - a +2 dagger of venom
 O - a +1 whip of electrocution
 Z - the +6 hand axe of the Visionary {venom, Int+4 Stlth+}
   (You found it on level 5 of the Lair of Beasts)

   It poisons the flesh of those it strikes.
   Int:       It affects your intelligence (+4).
   Stlth:     It makes you more stealthy.
Missiles
 i - 52 poisoned darts
 m - 3 javelins
 v - 4 boomerangs of dispersal
 J - 150 arrows
 L - 8 curare-tipped darts
 V - a throwing net
Armour
 y - a +1 cloak (worn)
 z - the +0 pair of gloves of the Raven (worn) {rElec Str+3 Int-2}
   (You found it on level 6 of the Dungeon)

   Str:       It affects your strength (+3).
   Int:       It affects your intelligence (-2).
   rElec:     It insulates you from electricity.
 T - a +2 troll leather armour (worn)
Magical Staves
 e - a staff of poison
 u - a staff of death
Jewellery
 a - a ring of protection from cold
 d - a +6 ring of intelligence
 f - a ring of ice (right hand)
 h - a +4 ring of evasion
 l - a ring of resist corrosion
 r - a +4 ring of protection
 B - a ring of fire
 C - a +6 ring of strength
 G - the ring "Omub" (left hand) {Ice Str+6}
   (You bought it in a shop on level 4 of the Dungeon)

   [ring of ice]

   It enhances your ice magic.
   Str:       It affects your strength (+6).
   rF:        It makes you vulnerable to fire.
   rC:        It protects you from cold.
 X - a ring of see invisible
 Y - a +6 ring of dexterity
Wands
 j - a wand of iceblast (4)
 t - a wand of mindburst (3)
 F - a wand of acid (3)
 U - a wand of digging (4)
Scrolls
 c - 6 scrolls of teleportation
 x - 2 scrolls of fog
 R - a scroll of magic mapping
 S - 4 scrolls of identify
Potions
 b - a potion of might
 g - 2 potions of brilliance
 o - 2 potions of haste
 p - a potion of berserk rage
 s - 6 potions of invisibility
 w - 2 potions of attraction
 A - a potion of lignification
 D - a potion of cancellation
 E - a potion of curing
 H - 2 potions of ambrosia
Miscellaneous
 K - a box of beasts
 W - a phantom mirror


   Skills:
 - Level 5.0 Fighting
 - Level 5.0(6.8) Short Blades
 - Level 7.2(8.0) Long Blades
 + Level 4.4 Bows
 + Level 14.4 Dodging
 - Level 11.4 Stealth
 + Level 10.7 Spellcasting
 - Level 6.3 Invocations
 - Level 5.0 Evocations


You couldn't memorise any spells.
You knew the following spells:

 Your Spells              Type           Power      Damage    Failure   Level
a - Freeze                Ice            100%       1d11      1%          1
b - Frozen Ramparts       Ice            100%       1d12      1%          3
c - Ozocubu's Armour      Ice            91%        N/A       1%          3
d - Hailstorm             Conj/Ice       91%        3d18      1%          4
e - Sting                 Tmut/Pois      100%       1d8       1%          1
f - Corpse Rot            Necr/Air       100%       N/A       1%          2
g - Portal Projectile     Hex/Tloc       100%       N/A       1%          3
h - Mephitic Cloud        Conj/Pois/Air  54%        N/A       1%          3
i - Blade Hands           Tmut           27%        N/A       2%          5
j - Summon Mana Viper     Hex/Summ       54%        N/A       2%          5
k - Summon Cactus Giant   Summ           27%        N/A       14%         6
Your spell library was empty.

Dungeon Overview and Level Annotations

Branches:
Dungeon (10/15)            Temple (0/1) D:5            Lair (6/6) D:10
 Shoals (0/4) Lair:3        Snake (0/4) Lair:2        Slime (0/5) Lair:5
  Sewer (visited)
    Orc: D:9-12

Altars:
Nemelex Xobeh

Shops:
D:4 :=([=   D:7 *

Annotations:
D:3 Sigmund


Innate Abilities, Weirdness & Mutations

You are immune to sickness and miasma.
You are immune to poison.
Your flesh is very heat resistant. (rF++)
You are vulnerable to cold. (rC-)
You float through the air rather than walking.
You learn spells naturally, not from books.
Your magical power is your life essence.
You have superior vitality. (+4 MHP)


Message History

You hit the death yak simulacrum.
You melt the death yak simulacrum.
The death yak simulacrum is lightly damaged.
You hit the death yak simulacrum but do no damage.
The death yak simulacrum is lightly damaged.
The death yak simulacrum gores you but does no damage.
You slash the death yak simulacrum!
You melt the death yak simulacrum.
The death yak simulacrum is moderately damaged.
The death yak simulacrum gores you! The death yak simulacrum freezes you!
You resist.
You hit the death yak simulacrum but do no damage.
The death yak simulacrum is moderately damaged.
The death yak simulacrum gores you!! The death yak simulacrum freezes you!
You resist.
* * * LOW HITPOINT WARNING * * *
You draw a card...
You have drawn the Orb.
Press: ? - help, Shift-Dir - straight line You can't see that place.
Okay, then.
Really abort (and waste the card)?
Aiming: the Orb
Press: ? - help, Shift-Dir - straight line, f - death yak simulacrum
Aim: a death yak simulacrum (moderately damaged)
The wavering orb of destruction weakly hits the death yak simulacrum!!
The death yak simulacrum is severely damaged.
Your orb of destruction hits a stone wall. x5
The death yak simulacrum gores you!
* * * LOW HITPOINT WARNING * * *
The death yak simulacrum freezes you! You resist.
* * * LOW HITPOINT WARNING * * *
Aiming: Corrosive Bolt
Press: ? - help, Shift-Dir - straight line, f/p - death yak simulacrum
Aim: a death yak simulacrum (severely damaged, 100% to hit)
The bolt of acid hits the death yak simulacrum!
The death yak simulacrum is almost destroyed.
You feel better. The death yak simulacrum gores you!
* * * LOW HITPOINT WARNING * * *
The death yak simulacrum freezes you!! You resist.
You die...
Your body disappears without a glow.

####### #.P...# ##++# ......##
#8..# #8 .......# #...# +.
......# #.#.#### +. .....##
#@#....#### #8 ......##
#8..PZ.####....# # .......#
#:....P# ####.### ## .......##
#8..PP.##♣♣♣##...#####8
.##.....##########♣....###.......
###......♣#♣###♣♣....P..♣########
#....#..............P..........
###.......................#..#...
#.#...........................#..


You could see a death yak simulacrum.

Vanquished Creatures
  A dire elephant (Lair:5)
  4 hydras
  A catoblepas (Lair:5)
  Erica (Lair:1)
  3 two-headed ogres
  14 death yaks
  20 elephants
  3 black mambas
  22 cane toads
  A torpor snail (Lair:6)
  6 rime drakes
  8 komodo dragons
  2 trolls
  3 polar bears
  4 merfolk (Lair:3)
  A slime creature (Lair:5)
  10 dream sheep
  12 blink frogs
  7 wyverns
  46 yaks
  Grum (Lair:1)
  7 basilisks
  2 wraiths (D:10)
  A steam dragon (D:7)
  3 nagas (Lair:2)
  An acid dragon (D:9)
  A hell hound (Lair:4)
  13 water moccasins
  7 orc warriors
  2 sky beasts
  3 black bears
  Pargi (Sewer)
  An ice beast (shapeshifter) (Lair:2)
  3 ice beasts
  3 necrophages
  6 centaurs
  An elephant zombie (Lair:6)
  3 ogres
  21 wolves
  An elephant skeleton (Lair:6)
  A phantom (D:4)
  4 kobold brigands
  9 bullfrogs
  A wyvern zombie (D:8)
  3 scorpions
  A cane toad simulacrum (Lair:6)
  3 killer bees (D:10)
  3 electric eels (Lair:2)
  3 howler monkeys
  A centaur zombie (D:7)
  4 jellies
  2 hounds (D:4)
  A gnoll shaman (D:9)
  2 orc priests
  A centaur skeleton (D:6)
  5 iguanas
  6 orc wizards
  4 hell rats
  A killer bee zombie (D:7)
  A hound zombie (D:5)
  A hound skeleton (D:4)
  2 howler monkey zombies
  4 gnolls (D:9)
  5 adders
  A white imp (D:6)
  An adder zombie (D:5)
  3 dart slugs
  37 orcs
  5 endoplasms
  4 giant cockroaches
  8 hobgoblins
  8 jackals
  5 ball pythons
  2 bats
  3 frilled lizards
  6 goblins
  36 kobolds
  7 rats
444 creatures vanquished.

Vanquished Creatures (collateral kills)
  A hydra (Lair:6)
  A boulder beetle (Lair:6)
  7 death yaks
  A spectral death yak (Lair:6)
  2 rime drakes (Lair:5)
  A blink frog (Lair:6)
  2 wyverns
  4 basilisks (Lair:5)
  A water moccasin (Lair:5)
  A hell hound (Lair:5)
  An electric eel (Lair:6)
  3 hell rats
  3 orcs (D:5)
  A quokka (D:5)
29 creatures vanquished.

Vanquished Creatures (others)
  52 fungi
  98 plants
  29 withered plants (Lair:6)
179 creatures vanquished.

Grand Total: 652 creatures vanquished

Notes
Turn   | Place    | Note
-------+----------+-------------------------------------------
     0 | D:1      | Zonian the Djinni Ice Elementalist began the quest for the
                  | Orb.
     0 | D:1      | Reached XP level 1. HP: 15/15 MP: 0/0
   297 | D:1      | Reached XP level 2. HP: 17/21 MP: 0/0
   819 | D:1      | Reached XP level 3. HP: 21/25 MP: 0/0
   819 | D:1      | Learned a level 1 spell: Sting
  2165 | D:3      | Reached skill level 3 in Dodging
  2283 | D:3      | Reached XP level 4. HP: 29/31 MP: 0/0
  2355 | D:3      | Noticed Sigmund
  3075 | D:4      | Found a sparkling altar of Nemelex Xobeh.
  3083 | D:4      | Reached XP level 5. HP: 31/35 MP: 0/0
  3083 | D:4      | Learned a level 2 spell: Corpse Rot
  3089 | D:4      | Found Patihor's Weapon Shop.
  3133 | D:4      | Became a worshipper of Nemelex Xobeh the Trickster
  3146 | D:4      | Found Moodazetti's Jewellery Shoppe.
  3697 | D:4      | Found Ygugug's Book Boutique.
  3697 | D:4      | Noticed a phantom
  3853 | D:4      | Noticed a kobold brigand
  3860 | D:4      | Killed a phantom
  3861 | D:4      | Reached skill level 4 in Dodging
  3861 | D:4      | Reached XP level 6. HP: 38/40 MP: 0/0
  4589 | D:4      | Found Nefior's Jewellery Shoppe.
  4745 | D:4      | Reached * piety under Nemelex Xobeh
  4870 | D:4      | Found Sanaxt's Armour Shoppe.
  5446 | D:5      | Entered Level 5 of the Dungeon
  5446 | D:5      | Received a gift from Nemelex Xobeh
  5741 | D:5      | Found a staircase to the Ecumenical Temple.
  5753 | D:5      | Noticed a yak
  5754 | D:5      | Noticed a yak
  5754 | D:5      | Noticed a yak
  5754 | D:5      | Noticed a yak
  5767 | D:5      | Reached XP level 7. HP: 45/45 MP: 0/0
  5767 | D:5      | Learned a level 3 spell: Portal Projectile
  5784 | D:5      | Killed a yak
  5785 | D:5      | Reached skill level 5 in Dodging
  5786 | D:5      | Killed a yak
  5788 | D:5      | Killed a yak
  5789 | D:5      | Reached skill level 5 in Spellcasting
  5789 | D:5      | Reached XP level 8. HP: 31/50 MP: 0/0
  5792 | D:5      | Killed a yak
  5793 | D:5      | Reached skill level 6 in Dodging
  6012 | D:5      | Reached skill level 5 in Stealth
  7119 | D:5      | Noticed a komodo dragon
  7615 | D:5      | Reached ** piety under Nemelex Xobeh
  7638 | D:5      | Killed a komodo dragon
  7639 | D:5      | Reached XP level 9. HP: 40/55 MP: 0/0
  7639 | D:5      | Learned a level 3 spell: Mephitic Cloud
  7812 | D:6      | Identified the +0 pair of gloves of the Raven {rElec Str+3
                  | Int-2}
  7878 | D:6      | Reached skill level 7 in Dodging
  8232 | D:6      | Found a glowing drain.
  8233 | D:6      | Received a gift from Nemelex Xobeh
  8243 | Sewer    | Entered a sewer
  8717 | Sewer    | Noticed Pargi
  8725 | Sewer    | Killed Pargi
  9363 | D:6      | Reached skill level 1 in Short Blades
  9553 | D:6      | Reached *** piety under Nemelex Xobeh
 10420 | D:7      | Received a gift from Nemelex Xobeh
 10704 | D:7      | Reached skill level 8 in Dodging
 11721 | D:7      | Reached XP level 10. HP: 49/60 MP: 0/0
 12246 | D:7      | Found Qasy's Assorted Antiques.
 12251 | D:7      | Bought an orange potion for 18 gold pieces
 12251 | D:7      | Bought a scroll labelled EKLAQI IGIERISOL for 21 gold
                  | pieces
 12672 | D:8      | Received a gift from Nemelex Xobeh
 12744 | D:8      | Noticed a two-headed ogre
 12755 | D:8      | Killed a two-headed ogre
 12977 | D:8      | Reached skill level 9 in Dodging
 14430 | D:8      | Reached **** piety under Nemelex Xobeh
 14908 | D:9      | Noticed a two-headed ogre
 14974 | D:9      | Received a gift from Nemelex Xobeh
 15158 | D:9      | Reached XP level 11. HP: 48/65 MP: 0/0
 15158 | D:9      | Learned a level 5 spell: Blade Hands
 15165 | D:9      | Reached skill level 5 in Short Blades
 15241 | D:9      | Killed a two-headed ogre
 15242 | D:9      | Reached skill level 10 in Dodging
 16047 | D:10     | Entered Level 10 of the Dungeon
 16056 | D:10     | Identified the +5 chain mail of the Vestibule of Hell
                  | {rElec rPois rCorr Str-2}
 16058 | D:10     | Noticed a two-headed ogre
 16064 | D:10     | Killed a two-headed ogre
 16065 | D:10     | Reached skill level 1 in Fighting
 16887 | D:10     | Found a staircase to the Lair.
 16990 | D:10     | Received a gift from Nemelex Xobeh
 17554 | Lair:1   | Entered Level 1 of the Lair of Beasts
 18138 | Lair:1   | Noticed Erica
 18144 | Lair:1   | Reached ***** piety under Nemelex Xobeh
 18155 | Lair:1   | Killed Erica
 18156 | Lair:1   | Reached skill level 11 in Dodging
 18156 | Lair:1   | Reached XP level 12. HP: 70/78 MP: 0/0
 18278 | Lair:1   | Noticed Grum
 18285 | Lair:1   | Killed Grum
 18695 | Lair:1   | Noticed a death yak
 18837 | Lair:1   | Noticed a death yak
 18845 | Lair:1   | Noticed a death yak
 19014 | Lair:1   | Noticed a death yak
 19024 | Lair:1   | Noticed a death yak
 19063 | Lair:2   | Received a gift from Nemelex Xobeh
 19302 | Lair:2   | Found a sparkling altar of Nemelex Xobeh.
 19363 | Lair:2   | Identified the +8 giant spiked club of Vanity {pain, rF+
                  | Will+ Stlth+}
 19399 | Lair:2   | Reached skill level 1 in Long Blades
 19865 | Lair:2   | Reached skill level 1 in Invocations
 19865 | Lair:2   | Reached skill level 1 in Evocations
 20174 | Lair:2   | Found a staircase to the Snake Pit.
 20384 | Lair:2   | Received a gift from Nemelex Xobeh
 20677 | Lair:3   | Reached skill level 5 in Fighting
 20877 | Lair:2   | Reached XP level 13. HP: 78/85 MP: 0/0
 20877 | Lair:2   | Learned a level 5 spell: Summon Mana Viper
 21021 | Lair:2   | Reached skill level 10 in Stealth
 21442 | Lair:3   | Reached skill level 12 in Dodging
 21444 | Lair:3   | Received a gift from Nemelex Xobeh
 21467 | Lair:3   | Noticed a six-headed hydra
 21467 | Lair:3   | Noticed a six-headed hydra
 21727 | D:4      | Bought the ring "Omub" {Ice Str+6} for 579 gold pieces
 22417 | Lair:3   | Killed a three-headed hydra
 22485 | Lair:3   | Noticed a four-headed hydra
 22496 | Lair:3   | Killed a one-headed hydra
 22843 | Lair:3   | You are sucked into a shaft and drop 2 floors!
 23170 | D:7      | Bought a tubular cabochon ring for 105 gold pieces
 23460 | Lair:3   | Received a gift from Nemelex Xobeh
 23940 | Lair:4   | Received a gift from Nemelex Xobeh
 23954 | Lair:4   | Reached skill level 5 in Invocations
 23954 | Lair:4   | Reached skill level 5 in Evocations
 23960 | Lair:4   | Reached XP level 14. HP: 85/92 MP: 0/0
 23972 | Lair:4   | Reached skill level 5 in Long Blades
 25253 | Lair:5   | Identified the +6 hand axe of the Visionary {venom, Int+4
                  | Stlth+}
 25989 | Lair:4   | Reached skill level 13 in Dodging
 26836 | Lair:5   | Received a gift from Nemelex Xobeh
 26851 | Lair:5   | Found a staircase to the Slime Pits.
 27587 | Lair:6   | Entered Level 6 of the Lair of Beasts
 27620 | Lair:4   | Reached skill level 1 in Bows
 27620 | Lair:4   | Reached skill level 10 in Spellcasting
 27786 | Lair:6   | Received a gift from Nemelex Xobeh
 28309 | Lair:6   | Reached ****** piety under Nemelex Xobeh
 29948 | Lair:6   | Reached XP level 15. HP: 17/96 MP: 0/0
 29948 | Lair:6   | Learned a level 6 spell: Summon Cactus Giant
 30739 | Lair:6   | Received a gift from Nemelex Xobeh
 31657 | Lair:6   | Reached skill level 14 in Dodging
 33590 | D:7      | Bought a tubular coral ring for 105 gold pieces
 34146 | Lair:6   | Mangled by a death yak simulacrum

Illustrated notes

Levels and vault maps discovered:
D:1:      co_arrival_square_in_a_square_in_a_square, layout_rooms
D:2:      layout_loops_ring, serial_rivers, chequers_serial_rivers_micro_c,
          chequers_serial_rivers_micro_e, chequers_serial_rivers_micro_a,
          chequers_serial_rivers_large_a, chequers_serial_rivers_micro_d
D:3:      layout_rooms, minmay_misc_feat_columns, uniq_sigmund
D:4:      kennysheep_kobold_camp, layout_loops_corners,
          overflow_temple_1_default, serial_shops, kennysheep_little_box, shop,
          shop_fountains, shop, nicolae_shop_window_shopping, minmay_bisected
D:5:      layout_loops_ring, minmay_temple_entry_waves
D:6:      layout_layer_cave, portal_sewer_entry_a, roderic_roman_lattice
D:7:      layout_cave_pods, serial_shops, nicolae_shop_hallway_stairs
D:8:      layout_basic, serial_curves, eino_curves_02, eino_curves_01,
          eino_curves_03, kennysheep_kite_vault
D:9:      layout_cave_pools, statue_in_the_mist_lemuel
D:10:     layout_basic, lair_entry_dummy, special_room [special_room_orc]
Lair:1:   layout_concentric_octagons, chequers_serial_rivers_micro_e,
          uniq_erica, uniq_grum
Lair:2:   layout_cave_pods, guppyfry_snake_entry_garden, basic_altar,
          serial_bayou_lagoon_b
Lair:3:   layout_chaotic_city, elwin_shoals_entry_stream,
          gauntlet_entry_generic, grunt_megastairs_3
Lair:4:   layout_cave_pods
Lair:5:   layout_cave_shapes, minmay_slime_entry_pillars, special_room
          [special_room_mythical_zoo], ldierk_geyser, wad_woods_road_03,
          st_stairs_10
Lair:6:   due_jungle_book, layout_small_grid, amcnicky_mini_pool_medium,
          grunt_megastairs_5

Skill      XL: |  1  2  3  4  5  6  7  8  9 10 11 12 13 14 15 |
---------------+----------------------------------------------+-----
Stealth        | 2 3 4 5 6 7 9 10 11 | 11.4
Dodging        | 3 4 5 6 8 9 11 12 13 14 | 14.4
Spellcasting   | 4 5 6 7 8 9 10 | 10.7
Short Blades   | 2 4 5 |  5.0
Fighting       | 3 5 |  5.0
Long Blades    | 2 4 6 7 |  7.2
Invocations    | 2 5 6 |  6.3
Evocations     | 2 5 |  5.0
Bows           | 2 4 |  4.4

Action                   |  1- 3 |  4- 6 |  7- 9 | 10-12 | 13-15 || total
-------------------------+-------+-------+-------+-------+-------++-------
Melee: Unarmed           |     9 |       |       |       |    26 ||    35
       Short sword       |       |   140 |   237 |   355 |   646 ||  1378
       Punch             |       |     2 |     6 |     6 |    19 ||    33
       Scimitar          |       |       |       |     3 |    40 ||    43
       Dagger            |       |       |       |       |    52 ||    52
       Whip              |       |       |       |       |    25 ||    25
       Hand axe          |       |       |       |       |     2 ||     2
       Shortbow          |       |       |       |       |     1 ||     1
 Fire: Shortbow          |       |       |       |     6 |    94 ||   100
       Hand crossbow     |       |       |       |       |     8 ||     8
Throw: Dart              |       |       |       |     6 |       ||     6
 Cast: Freeze            |    43 |    22 |       |       |     5 ||    70
       Sting             |     8 |     1 |    11 |     6 |       ||    26
       Corpse Rot        |       |     2 |       |     2 |       ||     4
       Frozen Ramparts   |       |       |     9 |    20 |    50 ||    79
       Mephitic Cloud    |       |       |     8 |    49 |    61 ||   118
       Portal Projectile |       |       |     1 |     4 |     9 ||    14
       Hailstorm         |       |       |       |    33 |    12 ||    45
       Ozocubu's Armour  |       |       |       |     1 |    13 ||    14
       Summon Mana Viper |       |       |       |       |     7 ||     7
       Blade Hands       |       |       |       |       |     2 ||     2
Invok: Draw Destruction  |       |       |     4 |    23 |    25 ||    52
       Draw Escape       |       |       |     1 |       |     1 ||     2
       Draw Summoning    |       |       |       |       |     4 ||     4
 Abil: End Transformatio |       |       |       |       |     1 ||     1
Evoke: Wand              |       |     1 |       |    19 |    11 ||    31
  Use: Scroll            |       |    10 |     7 |    11 |     8 ||    36
       Potion            |       |     2 |     1 |     1 |     3 ||     7
 Stab: Sleeping          |       |     4 |    10 |     5 |     6 ||    25
       Confused          |       |       |     4 |    13 |    23 ||    40
       Distracted        |       |       |       |       |     3 ||     3
Armor: Robe              |     3 |    17 |    28 |    26 |       ||    74
       Troll leather arm |       |       |       |    23 |   171 ||   194
Dodge: Dodged            |    35 |   144 |   229 |   354 |   802 ||  1564
